[Event "XLII Barbera Open 2019"]
[Site "Barbera"]
[Date "2019.07.11"]
[Round "8.2"]
[White "Peralta, Fernando"]
[Black "Sturt, Raven"]
[Result "1-0"]
[ECO "D48"]
[WhiteElo "2562"]
[BlackElo "2429"]
[Annotator "ChessBase"]
[PlyCount "117"]
[EventDate "2019.07.04"]
[EventType "swiss"]
[EventCountry "ESP"]
[SourceTitle "playchess.com"]
[Source "ChessBase"]
[SourceQuality "1"]
[TimeControl "5400+30"]

1. d4 d5 2. c4 c6 3. Nf3 Nf6 4. Nc3 e6 5. e3 Nbd7 6. Bd3 dxc4 7. Bxc4 b5 8. Bd3 a6 9. e4 c5 10. d5 Qc7 11. O-O Bb7 12. dxe6 fxe6 13. Ng5 Qc6 14. Be2 b4 15. Na4 h6 16. Bh5+ Ke7 17. Nf7 Nxh5 18. Nxh8 Qxe4 19. f3 Qh7 20. Be3 Qxh8 21. Nxc5 Bd5 22. Nxd7 Kxd7 23. Qa4+ Ke7 24. Rac1 Kf7 25. Rc7+ Be7 26. Bc5 Re8 27. Bxb4 g5 28. Bc3 Qh7 29. Qxa6 Qc2 30. Qa7 Nf4 31. Qf2 Qa4 32. b3 Qa6 33. Kh1 Rc8 34. Rxc8 Qxc8 35. Qd2 h5 36. h4 Qa6 37. Re1 Qc6 38. hxg5 Bxg5 39. Be5 Nh3 40. Qe2 h4 41. Kh2 Nf4 42. Qd2 Nxg2 43. Qxg2 Be7 44. Rf1 Ke8 45. Qe2 Qc5 46. Rf2 Qc1 47. Rf1 Qc5 48. Kh3 Qc6 49. Qd3 Qb6 50. Rc1 Bc6 51. Qg6+ Kd7 52. Rd1+ Kc8 53. Qxe6+ Kb7 54. Qxe7+ Ka6 55. Qa3+ Kb7 56. Qe7+ Ka6 57. Rd6 Qb5 58. Rxc6+ Qxc6 59. Qf6 1-0

[Event "XLII Barbera Open 2019"]
[Site "Barbera"]
[Date "2019.07.11"]
[Round "8.3"]
[White "Munoz, Miguel"]
[Black "Diaz Hernandez, Heriberto"]
[Result "1/2-1/2"]
[ECO "C44"]
[WhiteElo "2511"]
[BlackElo "2353"]
[Annotator "ChessBase"]
[PlyCount "51"]
[EventDate "2019.07.04"]
[EventType "swiss"]
[EventCountry "ESP"]
[SourceTitle "playchess.com"]
[Source "ChessBase"]
[SourceQuality "1"]
[TimeControl "5400+30"]

1. e4 e5 2. Nf3 Nc6 3. d4 exd4 4. Nxd4 Qf6 5. Be3 Bc5 6. c3 Nge7 7. Bc4 Ne5 8. Be2 Qg6 9. O-O d6 10. Kh1 Qxe4 11. Nd2 Qg6 12. Nb5 O-O 13. Nxc7 Rb8 14. Nc4 Nxc4 15. Bxc4 Bd7 16. Bd3 Bf5 17. Bxf5 Qxf5 18. Re1 Rfd8 19. Qb3 Rd7 20. Nb5 Nc6 21. Rad1 a6 22. Nd4 Bxd4 23. cxd4 d5 24. f3 Re8 25. Bf2 Rxe1+ 26. Rxe1 1/2-1/2

[Event "XLII Barbera Open 2019"]
[Site "Barbera"]
[Date "2019.07.11"]
[Round "8.4"]
[White "Harikrishnan.A.Ra"]
[Black "Moskalenko, Viktor"]
[Result "0-1"]
[ECO "A05"]
[WhiteElo "2401"]
[BlackElo "2500"]
[Annotator "ChessBase"]
[PlyCount "118"]
[EventDate "2019.07.04"]
[EventType "swiss"]
[EventCountry "ESP"]
[SourceTitle "playchess.com"]
[Source "ChessBase"]
[SourceQuality "1"]
[TimeControl "5400+30"]

1. Nf3 Nf6 2. g3 g6 3. Bg2 Bg7 4. O-O O-O 5. d4 d6 6. c4 Nfd7 7. Nc3 e5 8. dxe5 dxe5 9. Be3 Nc6 10. Qc1 Nd4 11. Bh6 Nxf3+ 12. exf3 c6 13. Bxg7 Kxg7 14. f4 Qc7 15. fxe5 Nxe5 16. Ne4 Bf5 17. Qc3 Bxe4 18. Bxe4 f6 19. Rad1 Rad8 20. c5 Rxd1 21. Rxd1 Rd8 22. Qb3 Rxd1+ 23. Qxd1 Qa5 24. Bc2 Qxc5 25. Kg2 Qd5+ 26. Qxd5 cxd5 27. Bb3 d4 28. Kf1 g5 29. h3 f5 30. Ke2 f4 31. Bd5 b6 32. h4 h6 33. hxg5 hxg5 34. gxf4 gxf4 35. Be4 Kf6 36. b4 Nf7 37. Kd3 Ke5 38. Bg6 Nd6 39. Bh7 Nb5 40. Bg8 Nc3 41. f3 Nd5 42. a3 Nc3 43. Bb3 Nb5 44. a4 Nc3 45. Kc4 Nd5 46. Ba2 Ne3+ 47. Kd3 Nd5 48. Kc4 d3 49. Bb3 d2 50. a5 bxa5 51. bxa5 Ne3+ 52. Kc5 d1=Q 53. Bxd1 Nxd1 54. Kc6 Nc3 55. Kb7 Kd6 56. Kxa7 Kc6 57. Kb8 Nb5 58. Kc8 Nd4 59. Kb8 Kb5 0-1

[Event "XLII Barbera Open 2019"]
[Site "Barbera"]
[Date "2019.07.11"]
[Round "8.5"]
[White "Oliva Castaneda, Kevel"]
[Black "Valenzuela Gomez, Fernando"]
[Result "1-0"]
[ECO "E90"]
[WhiteElo "2467"]
[BlackElo "2394"]
[Annotator "ChessBase"]
[PlyCount "103"]
[EventDate "2019.07.04"]
[EventType "swiss"]
[EventCountry "ESP"]
[SourceTitle "playchess.com"]
[Source "ChessBase"]
[SourceQuality "1"]
[TimeControl "5400+30"]

1. d4 Nf6 2. c4 g6 3. Nc3 Bg7 4. e4 d6 5. Nf3 O-O 6. h3 Nbd7 7. Be3 e5 8. d5 Nc5 9. Nd2 a5 10. g4 c6 11. Be2 a4 12. a3 Qa5 13. Kf1 Bd7 14. h4 cxd5 15. cxd5 b5 16. h5 Rab8 17. g5 Ne8 18. hxg6 fxg6 19. Na2 Qd8 20. Nb4 Nc7 21. Bg4 Rf7 22. Kg2 Qc8 23. Bxd7 Qxd7 24. Rh4 N7a6 25. Nc6 Rbf8 26. Qe2 Nc7 27. Rah1 Bh8 28. f3 h5 29. gxh6 Kh7 30. R4h3 Qe8 31. Rc1 Nd7 32. Nb4 Nf6 33. Nf1 Nh5 34. Ng3 Nf4+ 35. Bxf4 exf4 36. Nh1 Qe7 37. Nf2 Ne8 38. Nc6 Qf6 39. Rc2 Qg5+ 40. Kh2 Nf6 41. Qxb5 Nh5 42. Qxa4 Ng3 43. Qc4 Kg8 44. Ng4 Re8 45. Nd4 Bxd4 46. Qxd4 Kh7 47. Rc7 Rxc7 48. Nf6+ Qxf6 49. Qxf6 Rc2+ 50. Kg1 Rc1+ 51. Kf2 Rc2+ 52. Ke1 1-0

[Event "XLII Barbera Open 2019"]
[Site "Barbera"]
[Date "2019.07.11"]
[Round "8.6"]
[White "Berdayes Ason, Dylan Isidro"]
[Black "Vehi Bach, Victor Manuel"]
[Result "1/2-1/2"]
[ECO "B81"]
[WhiteElo "2461"]
[BlackElo "2339"]
[Annotator "ChessBase"]
[PlyCount "76"]
[EventDate "2019.07.04"]
[EventType "swiss"]
[EventCountry "ESP"]
[SourceTitle "playchess.com"]
[Source "ChessBase"]
[SourceQuality "1"]
[TimeControl "5400+30"]

1. e4 c5 2. Nf3 e6 3. d4 cxd4 4. Nxd4 Nf6 5. Nc3 d6 6. g4 h6 7. h4 Nc6 8. Rg1 d5 9. exd5 Nxd5 10. Nxd5 exd5 11. Be3 Be7 12. Bb5 Bd7 13. Qe2 O-O 14. O-O-O Nxd4 15. Bxd4 Bxh4 16. Be3 Bxb5 17. Qxb5 Qc7 18. Rxd5 a6 19. Qd3 Rad8 20. Rh1 Qc6 21. Rd1 Rxd5 22. Qxd5 Qxd5 23. Rxd5 Rd8 24. Rxd8+ Bxd8 25. Kd2 Kh7 26. Kd3 Kg6 27. Ke4 h5 28. gxh5+ Kxh5 29. c4 g6 30. b4 f5+ 31. Kd5 Kg4 32. c5 f4 33. Bd4 Kf3 34. a4 g5 35. b5 axb5 36. axb5 g4 37. b6 g3 38. fxg3 fxg3 {Ke4+} 1/2-1/2

[Event "XLII Barbera Open 2019"]
[Site "Barbera"]
[Date "2019.07.11"]
[Round "8.7"]
[White "Bobadilla Viera, Jorge Samuel"]
[Black "Perez Mitjans, Orelvis"]
[Result "1/2-1/2"]
[ECO "E62"]
[WhiteElo "2381"]
[BlackElo "2416"]
[Annotator "NA"]
[PlyCount "89"]
[EventDate "2019.07.04"]
[EventType "swiss"]
[EventCountry "ESP"]
[SourceTitle "playchess.com"]
[Source "ChessBase"]
[SourceQuality "1"]
[TimeControl "5400+30"]

1. Nf3 Nf6 2. c4 g6 3. g3 Bg7 4. Bg2 O-O 5. O-O d6 6. d4 Nc6 7. Nc3 Bg4 8. d5 Na5 9. Nd2 c5 10. Qc2 a6 11. h3 Bd7 12. b3 b5 13. Bb2 Rb8 14. Rab1 Qc7 15. Ba1 e5 16. dxe6 Bxe6 17. Nd5 Bxd5 18. cxd5 Nb7 19. Bc3 Rbe8 20. Qb2 Nh5 21. Bxg7 Nxg7 22. Ne4 Kh8 23. Nf6 Re5 24. e4 b4 25. f4 Re7 26. Rbc1 Rc8 27. Kh2 Qd8 28. h4 c4 29. bxc4 Nc5 30. h5 gxh5 31. Nxh5 f6 32. Qxf6 Qe8 33. Nxg7 Rxg7 34. Rce1 Qh5+ 35. Qh4 Qxh4+ 36. gxh4 Nd3 37. Re3 Nb2 38. Rb3 Nxc4 39. Rxb4 Ne3 40. Rg1 Ng4+ 41. Kh1 Nf2+ 42. Kh2 Ng4+ 43. Kh1 Nf2+ 44. Kh2 Ng4+ 45. Kh1 1/2-1/2

[Event "XLII Barbera Open 2019"]
[Site "Barbera"]
[Date "2019.07.11"]
[Round "8.8"]
[White "Kulkarni, Vinayak"]
[Black "Volkov, Dmitry V"]
[Result "1/2-1/2"]
[ECO "A05"]
[WhiteElo "2143"]
[BlackElo "2199"]
[Annotator "NA"]
[PlyCount "99"]
[EventDate "2019.07.04"]
[EventType "swiss"]
[EventCountry "ESP"]
[SourceTitle "playchess.com"]
[Source "ChessBase"]
[SourceQuality "1"]
[TimeControl "5400+30"]

1. Nf3 Nf6 2. g3 g6 3. Bg2 Bg7 4. O-O d6 5. d4 O-O 6. a4 Nc6 7. a5 a6 8. d5 Na7 9. c4 e6 10. Nc3 exd5 11. cxd5 Re8 12. Nd4 Bd7 13. h3 Qc8 14. Kh2 h5 15. Bg5 Nh7 16. Be3 h4 17. Qd2 Qd8 18. Bh6 Bh8 19. Nf3 Nb5 20. Nd1 Qe7 21. Be3 c5 22. dxc6 hxg3+ 23. fxg3 Bxc6 24. Rf2 Nf6 25. Ng5 Bxg2 26. Kxg2 Ne4 27. Nxe4 Qxe4+ 28. Kh2 d5 29. Rc1 Nd6 30. Bc5 Nc4 31. Qb4 Rab8 32. Nc3 Qe6 33. Nxd5 Qxd5 34. Qxc4 Qxc4 35. Rxc4 Bxb2 36. e3 Bg7 37. Bb6 Rbc8 38. Rfc2 Rxc4 39. Rxc4 Be5 40. Kg2 f6 41. Kf3 Kf7 42. Rh4 Kg7 43. Rc4 Rh8 44. h4 Kf7 45. Rb4 Bd6 46. Rd4 Ke6 47. Rg4 Kf7 48. Rd4 Ke6 49. Rg4 Kf7 50. Ke4 1/2-1/2

[Event "XLII Barbera Open 2019"]
[Site "Barbera"]
[Date "2019.07.11"]
[Round "8.9"]
[White "Leon Valdes, Jony Wilson"]
[Black "Deng Yu Dong Michael"]
[Result "1-0"]
[ECO "D02"]
[WhiteElo "2364"]
[BlackElo "1900"]
[Annotator "NA"]
[PlyCount "69"]
[EventDate "2019.07.04"]
[EventType "swiss"]
[EventCountry "ESP"]
[SourceTitle "playchess.com"]
[Source "ChessBase"]
[SourceQuality "1"]
[TimeControl "5400+30"]

1. d4 d5 2. Nf3 Nf6 3. g3 e6 4. Bg2 Bb4+ 5. c3 Bd6 6. O-O Nbd7 7. c4 c6 8. b3 dxc4 9. bxc4 e5 10. Bb2 Qe7 11. e3 O-O 12. Nc3 Ba3 13. Bxa3 Qxa3 14. Qb3 Qa5 15. Rfd1 exd4 16. exd4 Nb6 17. d5 cxd5 18. cxd5 Bd7 19. Ne5 Rac8 20. Nxd7 Nbxd7 21. Ne2 Nc5 22. Qb2 Rfd8 23. Nd4 Na4 24. Qxb7 Rb8 25. Qe7 Rd7 26. Qa3 Qb4 27. Qf3 Re8 28. Nc6 Qc3 29. Rac1 Qxf3 30. Bxf3 Nb6 31. Rc5 Ne4 32. Ra5 Nc3 33. Rd3 Ne2+ 34. Kf1 Nc1 35. Rc3 1-0

[Event "XLII Barbera Open 2019"]
[Site "Barbera"]
[Date "2019.07.11"]
[Round "8.10"]
[White "Radnai, Adam"]
[Black "Lopez Gonzalez, Abel Fabian"]
[Result "1/2-1/2"]
[ECO "D00"]
[WhiteElo "2309"]
[BlackElo "2355"]
[Annotator "ChessBase"]
[PlyCount "101"]
[EventDate "2019.07.04"]
[EventType "swiss"]
[EventCountry "ESP"]
[TimeControl "5400+30"]

1. d4 d5 2. Bf4 Nf6 3. e3 e6 4. Nd2 Bd6 5. Ngf3 O-O 6. Bd3 b6 7. Ne5 c5 8. c3 Ba6 9. Bxa6 Nxa6 10. Qa4 Nb8 11. O-O Nh5 12. Rfe1 Qc7 13. Qd1 Nxf4 14. exf4 Nc6 15. Rc1 Ne7 16. c4 Qb7 17. cxd5 Qxd5 18. Ne4 Bxe5 19. dxe5 Qxd1 20. Rcxd1 Rfd8 21. Nd6 Rd7 22. Rd2 Rad8 23. Red1 Nf5 24. Ne4 Rxd2 25. Rxd2 Rd5 26. Kf1 Kf8 27. Ke2 Ke7 28. g4 Nd4+ 29. Ke3 f6 30. exf6+ gxf6 31. b4 f5 32. bxc5 bxc5 33. Nxc5 Rxc5 34. Rxd4 fxg4 35. Ra4 a5 36. Ke4 Kf6 37. f3 h5 38. fxg4 hxg4 39. Ke3 Kg6 40. Kf2 Kf5 41. Kg3 Rc3+ 42. Kg2 Rc2+ 43. Kg3 Rc3+ 44. Kg2 Rd3 45. Rxa5+ Kxf4 46. Ra4+ Kf5 47. Ra8 Rd2+ 48. Kg3 Rd3+ 49. Kg2 Rd2+ 50. Kg3 Rd3+ 51. Kg2 1/2-1/2

[Event "XLII Barbera Open 2019"]
[Site "Barbera"]
[Date "2019.07.12"]
[Round "9.1"]
[White "Peralta, Fernando"]
[Black "Harutyunian, Tigran K."]
[Result "1-0"]
[ECO "D41"]
[WhiteElo "2562"]
[BlackElo "2539"]
[Annotator "ChessBase"]
[PlyCount "209"]
[EventDate "2019.07.04"]
[EventType "swiss"]
[EventCountry "ESP"]
[SourceTitle "playchess.com"]
[Source "ChessBase"]
[SourceQuality "1"]
[TimeControl "5400+30"]

1. d4 Nf6 2. c4 e6 3. Nf3 d5 4. Nc3 c5 5. cxd5 Nxd5 6. e4 Nxc3 7. bxc3 cxd4 8. cxd4 Bb4+ 9. Bd2 Bxd2+ 10. Qxd2 O-O 11. Bc4 Nd7 12. O-O b6 13. Rad1 Bb7 14. Rfe1 Rc8 15. Bb3 Re8 16. h4 h6 17. Qe3 Nf6 18. Qf4 Nh5 19. Qh2 Nf6 20. d5 exd5 21. e5 Nh7 22. Nd4 Qd7 23. Qf4 Nf8 24. Nf5 Rc5 25. h5 Ne6 26. Qg3 Kh8 27. f4 a5 28. Nd6 a4 29. Nxb7 Qxb7 30. Bxa4 b5 31. Bb3 d4 32. Bxe6 fxe6 33. Rxd4 Rc2 34. Red1 Rg8 35. a3 Ra2 36. Kh2 Qa8 37. R1d3 Qe8 38. Qg4 Qe7 39. Rd6 Ra1 40. Rxe6 Qc5 41. Rd1 Rxd1 42. Qxd1 Qc4 43. Qg4 Rf8 44. Rb6 Qe4 45. e6 Rf6 46. Rxb5 Rxe6 47. Rb7 Qxb7 48. Qxe6 Qa7 49. Qe8+ Kh7 50. Qe4+ Kh8 51. Qe8+ Kh7 52. Qe4+ Kh8 53. a4 Qa5 54. Qe8+ Kh7 55. Qe4+ Kh8 56. Qe8+ Kh7 57. g3 Qd2+ 58. Kh3 Qd5 59. Qg6+ Kh8 60. Qe8+ Kh7 61. Qb5 Qf3 62. Qf5+ Kh8 63. Qf8+ Kh7 64. Qf5+ Kh8 65. Qc8+ Kh7 66. Qc2+ Kh8 67. Kh4 Qd5 68. Qc8+ Kh7 69. Qc2+ Kh8 70. Kg4 Qd7+ 71. Kf3 Qd5+ 72. Ke3 Qxh5 73. Qc8+ Kh7 74. Qc2+ Kh8 75. Kd4 Qg4 76. Qb3 Qd7+ 77. Kc3 Qc6+ 78. Kb2 Qc5 79. Qc3 Qb6+ 80. Ka3 Qd6+ 81. Kb2 Qb6+ 82. Ka2 Qe6+ 83. Ka1 Qe4 84. a5 h5 85. Kb2 h4 86. gxh4 Qxf4 87. a6 Qxh4 88. Qc8+ Kh7 89. Qf5+ Kh6 90. Qe6+ g6 91. Qe3+ Kh7 92. Qa7+ Kh6 93. Qe3+ Kh7 94. a7 Qb4+ 95. Kc1 Qc4+ 96. Kd2 Qa2+ 97. Ke1 Qa1+ 98. Kf2 Qb2+ 99. Kg3 Qb7 100. Qc5 Qb3+ 101. Kf4 Qa4+ 102. Kg5 Qd7 103. a8=Q Qd2+ 104. Kg4 Qd7+ 105. Kg3 1-0

[Event "XLII Barbera Open 2019"]
[Site "Barbera"]
[Date "2019.07.12"]
[Round "9.2"]
[White "Rios, Cristhian Camilo"]
[Black "Oliva Castaneda, Kevel"]
[Result "1-0"]
[ECO "D37"]
[WhiteElo "2520"]
[BlackElo "2467"]
[Annotator "ChessBase"]
[PlyCount "77"]
[EventDate "2019.07.04"]
[EventType "swiss"]
[EventCountry "ESP"]
[SourceTitle "playchess.com"]
[Source "ChessBase"]
[SourceQuality "1"]
[TimeControl "5400+30"]

1. d4 d5 2. c4 e6 3. Nf3 Nf6 4. Nc3 a6 5. cxd5 exd5 6. Bg5 Be6 7. e3 Nbd7 8. Bd3 Bd6 9. O-O O-O 10. Bf4 Bxf4 11. exf4 Bg4 12. h3 Bxf3 13. Qxf3 c6 14. Rad1 Re8 15. b3 Qe7 16. f5 h6 17. Bb1 Ne4 18. Bxe4 dxe4 19. Qf4 e3 20. Rfe1 exf2+ 21. Qxf2 Qf8 22. Ne4 Rad8 23. Qf4 Qb4 24. Re3 f6 25. Rdd3 Kh7 26. Qc7 Qb6 27. Qg3 Nf8 28. Kh2 Qa5 29. Nc5 Qb6 30. Rxe8 Rxe8 31. Ne6 g5 32. fxg6+ Nxg6 33. Re3 Rg8 34. Qf2 Qa5 35. Qxf6 Qxa2 36. Rg3 Qc2 37. Rg4 c5 38. h4 Qd1 39. Nf8+ 1-0

[Event "XLII Barbera Open 2019"]
[Site "Barbera"]
[Date "2019.07.12"]
[Round "9.3"]
[White "Moskalenko, Viktor"]
[Black "Munoz, Miguel"]
[Result "1/2-1/2"]
[ECO "E24"]
[WhiteElo "2500"]
[BlackElo "2511"]
[Annotator "ChessBase"]
[PlyCount "163"]
[EventDate "2019.07.04"]
[EventType "swiss"]
[EventCountry "ESP"]
[SourceTitle "playchess.com"]
[Source "ChessBase"]
[SourceQuality "1"]
[TimeControl "5400+30"]

1. d4 Nf6 2. c4 e6 3. Nc3 Bb4 4. a3 Bxc3+ 5. bxc3 d5 6. e3 c5 7. cxd5 Nxd5 8. Bb2 cxd4 9. cxd4 Qa5+ 10. Qd2 Qxd2+ 11. Kxd2 O-O 12. Nf3 b6 13. Rc1 Ba6 14. Ne5 Bxf1 15. Rhxf1 f6 16. Nd3 b5 17. a4 bxa4 18. Nc5 Re8 19. e4 Nb6 20. Nb7 Re7 21. Na5 Na6 22. Ke3 Rd7 23. Ba3 Rad8 24. Nc6 Re8 25. Rc3 Nc7 26. Bc5 Ncd5+ 27. exd5 Nxd5+ 28. Kd2 Rc8 29. Na5 Nxc3 30. Kxc3 e5 31. Kb4 exd4 32. Rd1 a3 33. Nb3 Rb7+ 34. Kxa3 Rxb3+ 35. Kxb3 Rxc5 36. Rxd4 Rc7 37. h4 Kf7 38. Ra4 h5 39. Ra5 Kg6 40. f3 Re7 41. Kc3 Re2 42. Kd3 Rxg2 43. Rxa7 Rb2 44. Ra4 Kf5 45. Ke3 Rh2 46. Ra5+ Kg6 47. Ra4 Kh7 48. Rb4 Kh6 49. Rf4 Rg2 50. Rf5 Kg6 51. Ra5 Rh2 52. Ra4 Kf7 53. Ra7+ Kg8 54. Ra4 Kh7 55. Rb4 Kh6 56. Rf4 Rb2 57. Ra4 g5 58. hxg5+ Kxg5 59. Ra8 Rb3+ 60. Kf2 f5 61. Rh8 Rb2+ 62. Kf1 h4 63. Kg1 Kf4 64. Rh5 Ra2 65. Kf1 Kg3 66. Rg5+ Kxf3 67. Rxf5+ Kg3 68. Rg5+ Kh2 69. Rg4 h3 70. Rg8 Rg2 71. Rf8 Rg1+ 72. Kf2 Rg7 73. Rf3 Rg4 74. Kf1 Rg2 75. Ra3 Rb2 76. Rf3 Rb5 77. Kf2 Rb1 78. Ra3 Rb2+ 79. Kf1 Rg2 80. Rb3 Rg3 81. Rxg3 Kxg3 82. Kg1 1/2-1/2

[Event "XLII Barbera Open 2019"]
[Site "Barbera"]
[Date "2019.07.12"]
[Round "9.4"]
[White "Diaz Hernandez, Heriberto"]
[Black "Berdayes Ason, Dylan Isidro"]
[Result "1-0"]
[ECO "B48"]
[WhiteElo "2353"]
[BlackElo "2461"]
[Annotator "ChessBase"]
[PlyCount "51"]
[EventDate "2019.07.04"]
[EventType "swiss"]
[EventCountry "ESP"]
[SourceTitle "playchess.com"]
[Source "ChessBase"]
[SourceQuality "1"]
[TimeControl "5400+30"]

1. e4 c5 2. Nf3 e6 3. d4 cxd4 4. Nxd4 Nc6 5. Nc3 Qc7 6. Be3 a6 7. Qd2 Nf6 8. f4 Bb4 9. Bd3 b5 10. a3 Be7 11. e5 Ng4 12. Nxc6 dxc6 13. Ne4 Nxe3 14. Qxe3 c5 15. Nd6+ Bxd6 16. exd6 Qxd6 17. O-O-O Qc7 18. Be4 Rb8 19. f5 h6 20. Rhe1 Rb6 21. Rd5 exd5 22. Bxd5+ Be6 23. fxe6 f6 24. e7 Qd7 25. Qd3 Qg4 26. Bc6+ 1-0

[Event "XLII Barbera Open 2019"]
[Site "Barbera"]
[Date "2019.07.12"]
[Round "9.5"]
[White "Sturt, Raven"]
[Black "Bobadilla Viera, Jorge Samuel"]
[Result "1-0"]
[ECO "A45"]
[WhiteElo "2429"]
[BlackElo "2381"]
[Annotator "NA"]
[PlyCount "119"]
[EventDate "2019.07.04"]
[EventType "swiss"]
[EventCountry "ESP"]
[SourceTitle "playchess.com"]
[Source "ChessBase"]
[SourceQuality "1"]
[TimeControl "5400+30"]

1. d4 Nf6 2. Bg5 d5 3. Bxf6 exf6 4. e3 Bd6 5. Nd2 O-O 6. Qf3 Be6 7. Bd3 Nc6 8. c3 Ne7 9. Ne2 Qd7 10. h3 Bf5 11. Bxf5 Qxf5 12. Qxf5 Nxf5 13. O-O Rfe8 14. Rfc1 Ne7 15. a3 f5 16. c4 c6 17. Nc3 Rad8 18. b4 f4 19. e4 dxe4 20. Ndxe4 Bc7 21. Rd1 Nf5 22. d5 cxd5 23. Nxd5 Be5 24. Ra2 f3 25. gxf3 Nh4 26. Rd3 f5 27. Ng3 Kf7 28. Rad2 b5 29. cxb5 Rd6 30. Kf1 Rg6 31. f4 Bd6 32. Nf6 Nf3 33. Rxf3 Rxf6 34. Nxf5 Bxb4 35. Rd7+ Ke6 36. Rxa7 Kxf5 37. axb4 Re4 38. Rxg7 h6 39. Rc3 Rxb4 40. Rc5+ Ke4 41. Kg2 Rb2 42. Rg4 Rf5 43. Re5+ Rxe5 44. fxe5+ Kxe5 45. Rh4 Kf5 46. Rxh6 Kg5 47. Rb6 Rb3 48. Rb8 Kg6 49. b6 Kg7 50. b7 Kh7 51. f4 Kg7 52. f5 Kh7 53. f6 Rb2+ 54. Kg3 Rb3+ 55. Kg4 Rb4+ 56. Kf5 Rb5+ 57. Ke6 Rb6+ 58. Ke7 Rb3 59. f7 Re3+ 60. Kd6 1-0

[Event "XLII Barbera Open 2019"]
[Site "Barbera"]
[Date "2019.07.12"]
[Round "9.6"]
[White "Perez Mitjans, Orelvis"]
[Black "Leon Valdes, Jony Wilson"]
[Result "1/2-1/2"]
[ECO "C05"]
[WhiteElo "2416"]
[BlackElo "2364"]
[Annotator "NA"]
[PlyCount "21"]
[EventDate "2019.07.04"]
[EventType "swiss"]
[EventCountry "ESP"]
[SourceTitle "playchess.com"]
[Source "ChessBase"]
[SourceQuality "1"]
[TimeControl "5400+30"]

1. e4 e6 2. d4 d5 3. Nd2 Nf6 4. e5 Nfd7 5. f4 c5 6. c3 Nc6 7. Ndf3 Qb6 8. Ne2 Be7 9. g3 O-O 10. Bh3 f6 11. Bf1 1/2-1/2

[Event "XLII Barbera Open 2019"]
[Site "Barbera"]
[Date "2019.07.12"]
[Round "9.7"]
[White "Vehi Bach, Victor Manuel"]
[Black "Harikrishnan.A.Ra"]
[Result "1/2-1/2"]
[ECO "C48"]
[WhiteElo "2339"]
[BlackElo "2401"]
[Annotator "NA"]
[PlyCount "117"]
[EventDate "2019.07.04"]
[EventType "swiss"]
[EventCountry "ESP"]
[SourceTitle "playchess.com"]
[Source "ChessBase"]
[SourceQuality "1"]
[TimeControl "5400+30"]

1. e4 e5 2. Nf3 Nc6 3. Nc3 Nf6 4. Bb5 Bd6 5. O-O a6 6. Ba4 b5 7. Bb3 O-O 8. d3 Be7 9. Bd5 Nxd5 10. exd5 Nd4 11. Nxe5 d6 12. Nc6 Nxc6 13. dxc6 d5 14. Qf3 Be6 15. Bf4 Bf6 16. Qg3 Bh4 17. Bxc7 Bxg3 18. Bxd8 Bxh2+ 19. Kxh2 Rfxd8 20. Ne2 d4 21. Rfc1 Rac8 22. c3 dxc3 23. Rxc3 b4 24. Rc5 Rxd3 25. Nf4 Rd2 26. b3 Kf8 27. Nxe6+ fxe6 28. Kg3 Ke7 29. Rc4 a5 30. Rc5 Rd5 31. Rc2 Rd3+ 32. f3 Rc3 33. Rxc3 bxc3 34. Kf4 Rxc6 35. Rc1 Rd6 36. Rxc3 Rd2 37. g4 Rxa2 38. Rc7+ Kf6 39. g5+ Kg6 40. Rc6 Re2 41. Ra6 Re1 42. Rxa5 Rd1 43. Re5 Rd4+ 44. Re4 Rd6 45. b4 Rb6 46. Kg4 Kf7 47. f4 Rb5 48. Rc4 Rb7 49. Re4 g6 50. Kf3 Ke7 51. Ke3 Ra7 52. Kd4 Kd6 53. Kc4 Rc7+ 54. Kb5 Kd5 55. Re5+ Kd6 56. Re2 Kd5 57. Re5+ Kd6 58. Re1 Kd5 59. Re5+ {[%emt 0:02:19] Kxe5} 1/2-1/2

[Event "XLII Barbera Open 2019"]
[Site "Barbera"]
[Date "2019.07.12"]
[Round "9.8"]
[White "Lopez Gonzalez, Abel Fabian"]
[Black "Sreeshwan Maralakshikari"]
[Result "1/2-1/2"]
[ECO "D10"]
[WhiteElo "2355"]
[BlackElo "2461"]
[Annotator "ChessBase"]
[PlyCount "80"]
[EventDate "2019.07.04"]
[EventType "swiss"]
[EventCountry "ESP"]
[SourceTitle "playchess.com"]
[Source "ChessBase"]
[SourceQuality "1"]
[TimeControl "5400+30"]

1. d4 d5 2. c4 c6 3. cxd5 cxd5 4. Bf4 Nf6 5. e3 Nc6 6. Nc3 Bg4 7. Qb3 Na5 8. Qa4+ Bd7 9. Qc2 e6 10. Nf3 Be7 11. h3 Rc8 12. Bd3 Nc6 13. O-O Nb4 14. Qd1 Nxd3 15. Qxd3 O-O 16. Rfc1 Qb6 17. Rc2 Bb4 18. Ne5 Bxc3 19. Nxd7 Nxd7 20. Rac1 Rc6 21. Rxc3 Rfc8 22. b3 h6 23. f3 Qa5 24. Rxc6 Rxc6 25. Rxc6 bxc6 26. Qc2 Qb6 27. Kh2 a6 28. Bd6 g6 29. Qc1 Kg7 30. Qa3 e5 31. Qb2 exd4 32. exd4 Nf8 33. Qa3 Nd7 34. Qc1 Qxd4 35. Qxc6 Ne5 36. Qe8 Qf4+ 37. Kh1 Qc1+ 38. Kh2 Qf4+ 39. Kh1 Qc1+ 40. Kh2 Qf4+ 1/2-1/2

[Event "XLII Barbera Open 2019"]
[Site "Barbera"]
[Date "2019.07.12"]
[Round "9.9"]
[White "Valenzuela Gomez, Fernando"]
[Black "Vergara Jofre, Felipe"]
[Result "0-1"]
[ECO "B41"]
[WhiteElo "2394"]
[BlackElo "2332"]
[Annotator "NA"]
[PlyCount "142"]
[EventDate "2019.07.04"]
[EventType "swiss"]
[EventCountry "ESP"]
[SourceTitle "playchess.com"]
[Source "ChessBase"]
[SourceQuality "1"]
[TimeControl "5400+30"]

1. e4 c5 2. Nf3 e6 3. d4 cxd4 4. Nxd4 a6 5. c4 Nf6 6. Nc3 Qc7 7. Be3 Bb4 8. f3 O-O 9. Rc1 d5 10. cxd5 exd5 11. Bd3 dxe4 12. Bxe4 Nxe4 13. fxe4 Qe5 14. O-O Bxc3 15. Rxc3 Qxe4 16. Qb3 Nc6 17. Rf4 Nxd4 18. Rxe4 Nxb3 19. Rxb3 Be6 20. Rc3 Bxa2 21. Re7 Bd5 22. Rcc7 Rfe8 23. Bb6 Rxe7 24. Rxe7 Bc6 25. g3 a5 26. Kf2 a4 27. Re3 f6 28. Bc5 Ra5 29. Ba3 Rd5 30. Ke2 Bb5+ 31. Ke1 Rd7 32. Re7 Rxe7+ 33. Bxe7 Kf7 34. Bb4 Ke6 35. Kd2 Kf5 36. Ke3 Kg4 37. Kf2 Bc6 38. Bc3 Kh3 39. Kg1 h5 40. Bd4 h4 41. Kf2 Kxh2 42. gxh4 Kh3 43. h5 Kg4 44. h6 gxh6 45. Bxf6 h5 46. Ke3 Kf5 47. Bd8 Ke5 48. Bh4 Kd5 49. Bf6 Kc4 50. Kd2 Kb3 51. Kc1 Be4 52. Be7 b5 53. Bf6 b4 54. Be7 Bf5 55. Bf6 a3 56. bxa3 bxa3 57. Kd2 a2 58. Ke3 Kc2 59. Kf4 Bg4 60. Kg3 Kb1 61. Kh4 a1=Q 62. Bxa1 Kxa1 63. Kg3 Kb2 64. Kh4 Kc3 65. Kg3 Kd3 66. Kh2 h4 67. Kg2 Ke2 68. Kh2 Kf2 69. Kh1 Kg3 70. Kg1 h3 71. Kh1 Bf3+ 0-1

[Event "XLII Barbera Open 2019"]
[Site "Barbera"]
[Date "2019.07.12"]
[Round "9.10"]
[White "Namitbir Singh Walia"]
[Black "Morales, Jhon Alexander"]
[Result "1-0"]
[ECO "E19"]
[WhiteElo "1760"]
[BlackElo "2422"]
[Annotator "NA"]
[PlyCount "79"]
[EventDate "2019.07.04"]
[EventType "swiss"]
[EventCountry "ESP"]
[SourceTitle "playchess.com"]
[Source "ChessBase"]
[SourceQuality "1"]
[TimeControl "5400+30"]

1. Nf3 Nf6 2. c4 e6 3. g3 a6 4. Bg2 b5 5. b3 Bb7 6. O-O c5 7. Nc3 Qb6 8. e3 Be7 9. Qe2 b4 10. Na4 Qc7 11. d4 d6 12. Bb2 Nbd7 13. Rad1 O-O 14. Ne1 Bxg2 15. Nxg2 Qc6 16. Nf4 cxd4 17. exd4 d5 18. c5 Bd8 19. Nd3 Qb5 20. Rc1 Nb8 21. c6 Nxc6 22. Rc5 Qb7 23. Rfc1 Ne7 24. Qe1 Rb8 25. Kg2 Nd7 26. R5c2 a5 27. f3 Bb6 28. a3 Nf5 29. axb4 Nxd4 30. Bxd4 Bxd4 31. Rc7 Qb5 32. Ndc5 Nxc5 33. Nxc5 Bxc5 34. bxc5 Qxb3 35. Rd7 Rb7 36. Rxb7 Qxb7 37. c6 Qc7 38. Rc5 Rc8 39. Qc3 f6 40. h4 1-0